 Dungeon Crawl Stone Soup version 0.31.0 (webtiles) character file.

Game seed: 9780802656557876749

5700 hihot the Carver (level 10, 0/61 HPs)
             Began as a Deep Elf Conjurer on Jan 19, 2024.
             Was an Initiate of Vehumet.
             Incinerated by a deep elf pyromancer (13 damage)
             ... with a pyre arrow
             ... on level 8 of the Dungeon.
             The game lasted 00:20:33 (10097 turns).

hihot the Carver (Deep Elf Conjurer)               Turns: 10097, Time: 00:20:34

Health: 0/61       AC:  8    Str:  4    XL:     10   Next: 48%
Magic:  16/20      EV: 15    Int: 28    God:    Vehumet [......]
Gold:   564        SH:  0    Dex: 13    Spells: 6/20 levels left

rFire   . . .        j - +7 Throatcutter {drain, coup de grace}
rCold   + . .        (no shield)
rNeg    . . .        z - +0 steam dragon scales
rPois   .            e - +0 helmet
rElec   .            H - +0 cloak
rCorr   .            r - +0 pair of gloves
SInv    .            (no boots)
Will    +....        (no amulet)
Stlth   +            D - ring of protection from cold
HPRegen 0.30/turn    y - ring of wizardry
MPRegen 0.17/turn

%: wizardry (x1)
@: confused, on fire, ambrosia-drunk, glowing
A: no striking features
a: Renounce Religion


You were on level 8 of the Dungeon.
You worshipped Vehumet.
Vehumet was noncommittal.
You visited 2 branches of the dungeon, and saw 9 of its levels.
You also visited: Bailey.

You collected 564 gold pieces.

Inventory:

Hand Weapons
 j - the +7 Throatcutter (weapon) {drain, coup de grace}
   (You found it on level 2 of the Dungeon)
Missiles
 m - a throwing net
Armour
 e - a +0 helmet (worn)
 r - a +0 pair of gloves (worn)
 z - +0 steam dragon scales (worn)
 H - a +0 cloak (worn)
Jewellery
 h - a ring of see invisible
 y - a ring of wizardry (right hand)
 D - a ring of protection from cold (left hand)
Wands
 t - a wand of paralysis (16)
 w - a wand of mindburst (8)
 B - a wand of flame (16)
Scrolls
 b - 8 scrolls of teleportation
 c - 2 scrolls of amnesia
 k - 3 scrolls of identify {unknown}
 l - 2 scrolls of vulnerability {unknown}
 n - a scroll of poison {unknown}
 s - 3 scrolls of revelation
 v - 3 scrolls of noise
 x - a scroll of torment {unknown}
 A - 4 scrolls of fog
 C - a scroll of fear
 G - a scroll of silence {unknown}
Potions
 d - a potion of lignification
 f - 2 potions of degeneration {unknown}
 g - a potion of mutation {unknown}
 i - a potion of curing {unknown}
 o - 2 potions of berserk rage {unknown}
 p - a potion of heal wounds {unknown}
 q - a potion of attraction {unknown}
 u - 5 potions of might {unknown}
 E - a potion of experience {unknown}
 F - a potion of haste {unknown}
 I - a potion of enlightenment {unknown}


   Skills:
 + Level 6.5 Fighting
 * Level 9.4 Long Blades
 + Level 7.4 Dodging
 - Level 2.4 Stealth
 - Level 5.7 Spellcasting
 - Level 5.7 Conjurations
 - Level 4.5 Ice Magic


You had 6 spell levels left.
You knew the following spells:

 Your Spells              Type           Power      Damage    Failure   Level
a - Magic Dart            Conj           100%       1d8       1%          1
b - Searing Ray           Conj           80%        2d7       1%          2
c - Iskenderun's Mystic   Conj/Tloc      24%        2d7       8%          4
d - Frozen Ramparts       Ice            66%        1d10      1%          3
e - Fulminant Prism       Conj/Alch      12%        3d9       8%          4

Your spell library contained the following spells:

 Spells                   Type           Power      Damage    Failure   Level
 Freeze                   Ice            100%       1d10      1%          1
 Hailstorm                Conj/Ice       36%        3d9       1%          3
 Lesser Beckoning         Tloc           16%        N/A       4%          2
 Gell's Gravitas          Tloc           8%         N/A       8%          3
 Teleport Other           Tloc           8%         N/A       8%          3


Dungeon Overview and Level Annotations

Branches:
Dungeon (8/15)             Temple (1/1) D:7          Bailey (visited)
   Lair: D:8-11

Altars:
Ashenzari
Cheibriados
Dithmenos
Elyvilon
Fedhas
Gozag
Hepliaklqana
Kikubaaqudgha
Nemelex Xobeh
Okawaru
Qazlal
Ru
Sif Muna
Trog
Uskayaw
Vehumet
Xom
Yredelemnul
Zin
The Shining One


Message History

You slash the deep elf pyromancer! You drain the deep elf pyromancer.
The deep elf pyromancer is severely wounded.
The deep elf pyromancer gestures wildly while chanting.
The deep elf pyromancer blinks!
You start resting.
A deep elf pyromancer is nearby!
Casting: Searing Ray (safe; 1% risk of failure)
Confirm with . or Enter, or press ? or * to list all spells.
Casting: Frozen Ramparts (safe; 1% risk of failure)
Press: ? - help, Dir - look around, f - activate
Okay, then.
Casting: Frozen Ramparts (safe; 1% risk of failure)
Confirm with . or Enter, or press ? or * to list all spells.
Aiming: Searing Ray (safe; 1% risk of failure)
Press: ? - help, Shift-Dir - straight line, f - deep elf pyromancer
Aim: a deep elf pyromancer, wielding the +3 Elemental Staff {ele, rElec rF+ rC+ AC+3} and wearing a +2 robe (severely wounded, lightly drained, 75% to hit)
The searing ray hits the deep elf pyromancer.
The deep elf pyromancer is severely wounded. (Press . to maintain the ray.)
The deep elf pyromancer casts a spell at you.
The pyre arrow hits you.
You are covered in intense liquid fire!
Unknown command.
Okay, then.
The searing ray hits the deep elf pyromancer.
The deep elf pyromancer is severely wounded.
The liquid fire burns you!
Unknown command.
Unknown command.
Unknown command.
The searing ray hits the deep elf pyromancer.
The deep elf pyromancer is almost dead.
The liquid fire burns you!
* * * LOW HITPOINT WARNING * * *
Unknown command.
Unknown command.
You are confused.
You feel invigorated. The liquid fire burns you!
You die...

.###.## ## .. .###.## ##.# ##..
....##§# #+...+ #≈####
...##≈≈≈# ##..... #≈≈≈###
..##§§≈≈§##...e.. ##≈≈§≈≈# ..#
#≈≈≈####.....####≈≈≈# ..#
#≈##..#+...+#..##≈# ..#
##E.°.## ##....## ..#
#...E9###@.e..### ..#
####...E###....##.## ..##
#..+#.9##.##..#'>..#
...###.#>####...####....##
....##.#####..§..##......######
...........##...##..........#.#
............##.##............##
.....######..###............##
....## #...#............##


You could see a deep elf pyromancer (drained).

Vanquished Creatures
  A two-headed ogre (D:8)
  An orc knight (Bailey)
  A rime drake (D:8)
  Grinder (D:3)
  Prince Ribbit (D:6)
  Eustachio (D:6)
  A steam dragon (D:5)
  An acid dragon (D:8)
  2 water moccasins (D:8)
  An ice beast (D:5)
  8 orc warriors
  2 sky beasts
  3 ogres
  A centaur (D:6)
  A phantom (D:5)
  A bullfrog (D:7)
  2 kobold brigands
  4 scorpions
  5 killer bees (D:7)
  An electric eel (D:8)
  5 howler monkeys
  2 bombardier beetles
  2 hounds
  7 orc priests
  Crazy Yiuf (D:6)
  A gnoll bouda (D:4)
  2 sleepcaps (D:7)
  Jessica (D:3)
  3 iguanas
  Ijyb (D:3)
  Terence (D:3)
  4 orc wizards
  Robin (D:2)
  17 gnolls
  11 adders
  2 white imps (D:7)
  2 ufetubi (D:6)
  2 dart slugs
  A ribbon worm (D:2)
  48 orcs
  11 ball pythons
  5 endoplasms
  5 giant cockroaches
  27 goblins
  17 hobgoblins
  2 jackals (D:3)
  A quokka (D:3)
  4 bats
  A frilled lizard (D:2)
  12 kobolds
  7 rats
245 creatures vanquished.

Vanquished Creatures (others)
  10 fulminant prisms
10 creatures vanquished.

Grand Total: 255 creatures vanquished

Notes
Turn   | Place    | Note
-------+----------+-------------------------------------------
     0 | D:1      | hihot the Deep Elf Conjurer began the quest for the Orb.
     0 | D:1      | Reached XP level 1. HP: 10/10 MP: 6/6
   729 | D:1      | Reached XP level 2. HP: 15/15 MP: 6/8
   936 | D:2      | Learned a level 2 spell: Searing Ray
  1064 | D:2      | Reached skill level 5 in Conjurations
  1142 | D:2      | Reached XP level 3. HP: 19/19 MP: 7/10
  1412 | D:2      | Noticed Robin
  1418 | D:2      | Killed Robin
  1419 | D:2      | Reached XP level 4. HP: 24/24 MP: 4/12
  1638 | D:2      | Found the +7 Throatcutter {drain, coup de grace}
  1840 | D:3      | Noticed Grinder
  1841 | D:3      | Paralysed by Grinder for 4 turns
  1864 | D:3      | Killed Grinder
  1865 | D:3      | Reached skill level 1 in Fighting
  1865 | D:3      | Reached skill level 2 in Long Blades
  1865 | D:3      | Reached XP level 5. HP: 29/29 MP: 3/14
  1865 | D:3      | Reached XP level 6. HP: 34/34 MP: 3/15
  2003 | D:3      | Reached skill level 5 in Spellcasting
  2407 | D:3      | Learned a level 4 spell: Iskenderun's Mystic Blast
  2680 | D:3      | Reached skill level 3 in Long Blades
  2918 | D:3      | Noticed Ijyb
  3105 | D:3      | Noticed Terence
  3111 | D:3      | Killed Terence
  3294 | D:3      | Reached XP level 7. HP: 40/40 MP: 9/17
  3327 | D:3      | Noticed Jessica
  3330 | D:3      | Killed Jessica
  3340 | D:3      | Paralysed by Ijyb for 4 turns
  3346 | D:3      | Killed Ijyb
  3687 | D:4      | Reached skill level 4 in Long Blades
  4452 | D:4      | Reached skill level 5 in Long Blades
  4592 | D:5      | Entered Level 5 of the Dungeon
  4592 | D:5      | Found a hazy altar of Hepliaklqana.
  4767 | D:5      | Reached XP level 8. HP: 46/46 MP: 16/18
  5098 | D:5      | Reached skill level 6 in Long Blades
  5415 | D:5      | Reached skill level 7 in Long Blades
  5580 | D:5      | Learned a level 3 spell: Frozen Ramparts
  5585 | D:5      | Learned a level 4 spell: Fulminant Prism
  6023 | D:6      | Reached skill level 1 in Ice Magic
  6433 | D:6      | Found a runed translucent door.
  6434 | D:6      | Noticed Crazy Yiuf
  6644 | D:6      | Noticed Eustachio
  6650 | D:6      | Killed Eustachio
  6731 | D:6      | Noticed Prince Ribbit
  6736 | D:6      | Killed Prince Ribbit
  6737 | D:6      | Reached XP level 9. HP: 52/52 MP: 16/19
  7480 | D:6      | Killed Crazy Yiuf
  7649 | D:7      | Reached skill level 5 in Dodging
  7682 | D:7      | Found a flagged portal.
  7882 | D:7      | Found a staircase to the Ecumenical Temple.
  7905 | Bailey   | Entered a bailey
  8172 | Bailey   | Noticed an orc knight
  8216 | Bailey   | Killed an orc knight
  8217 | Bailey   | Reached skill level 5 in Fighting
  8268 | Bailey   | Reached skill level 8 in Long Blades
  8473 | Bailey   | Noticed an orc warlord
  8526 | Temple   | Entered the Ecumenical Temple
  8593 | D:7      | Reached XP level 10. HP: 39/60 MP: 15/20
  9115 | D:7      | Found a stormy altar of Qazlal.
  9123 | D:7      | Found a blossoming altar of Fedhas.
  9123 | D:7      | Found a radiant altar of Vehumet.
  9143 | D:7      | Found an iron altar of Okawaru.
  9157 | D:7      | Became a worshipper of Vehumet
  9176 | D:7      | Found a shimmering blue altar of Sif Muna.
  9538 | D:8      | Noticed a two-headed ogre
  9552 | D:8      | Killed a two-headed ogre
  9553 | D:8      | Reached skill level 9 in Long Blades
  9879 | D:8      | Noticed a gargoyle
 10001 | D:8      | Noticed a gargoyle
 10083 | D:8      | Noticed a deep elf pyromancer
 10097 | D:8      | Incinerated by a deep elf pyromancer

Illustrated notes

Levels and vault maps discovered:
D:1:      eino_arrival_cavern_a, layout_basic, minmay_shallow_snake_nest
D:2:      layout_rooms, nrook_loot_triangle, grunt_ministairs_2,
          minmay_randomly_rotated_circles, uniq_robin
D:3:      cheibrodos_thug_alley, layout_loops_corners, uniq_terence, uniq_ijyb,
          uniq_jessica, uniq_grinder
D:4:      layout_loops_cross
D:5:      layout_basic, nicolae_hepliaklqana_hazy_memory, minmay_crossroads
D:6:      layout_layer_cave, uniq_blork_the_orc, uniq_eustachio,
          uniq_crazy_yiuf_cottage, uniq_prince_ribbit1
D:7:      layout_cave_pools, minmay_overflow_temple_star_hex,
          minmay_temple_entry_overgrown, enter_bailey_5
D:8:      layout_layer_cave, nicolae_kite_square_tiling_tiny,
          dilly_guarded_unrand_elemental_staff
Temple:   zaba_magenta_temple

Skill      XL: |  1  2  3  4  5  6  7  8  9 10 |
---------------+-------------------------------+-----
Conjurations   | 5 |  5.7
Spellcasting   | 4 5 |  5.7
Fighting       | 1 2 3 4 5 6 |  6.5
Long Blades    | 2 3 5 7 8 9 |  9.4
Dodging        | 3 6 7 |  7.4
Ice Magic      | 4 |  4.5
Stealth        | |  2.4

Action                     |  1- 3 |  4- 6 |  7- 9 | 10-12 || total
---------------------------+-------+-------+-------+-------++-------
  Melee: Unarmed           |     1 |       |       |       ||     1
         Long sword        |       |    20 |   214 |    32 ||   266
         Punch             |       |       |     1 |       ||     1
   Cast: Magic Dart        |    61 |    82 |    57 |    31 ||   231
         Searing Ray       |     3 |     8 |    22 |    11 ||    44
         Frozen Ramparts   |       |       |     6 |     3 ||     9
         Fulminant Prism   |       |       |     3 |     7 ||    10
  Evoke: Wand              |       |       |     6 |       ||     6
    Use: Scroll            |     3 |       |     3 |       ||     6
         Potion            |     1 |     1 |     3 |     1 ||     6
   Stab: Sleeping          |       |       |     3 |       ||     3
         Distracted        |       |       |     1 |       ||     1
 Armour: Robe              |     9 |     4 |       |       ||    13
         Leather armour    |       |       |    42 |       ||    42
         Steam dragon scal |       |       |    60 |    27 ||    87
         Skin              |       |       |    13 |       ||    13
  Dodge: Dodged            |     7 |    17 |   116 |    17 ||   157
